 Dungeon Crawl Stone Soup version 0.27.1-33-g824d729ab1 (webtiles) character file.

Game seed: 4817388538363325590

7673 lordive the Destroyer (level 11, -6/64 HPs)
             Began as an Octopode Conjurer on Dec 26, 2021.
             Was a Priest of Sif Muna.
             Mangled by a six-headed hydra (14 damage)
             ... on level 8 of the Dungeon.
             The game lasted 00:38:55 (13677 turns).

lordive the Destroyer (Octopode Conjurer)          Turns: 13677, Time: 00:38:56

Health: -6/64      AC:  1    Str:  7    XL:     11   Next: 18%
Magic:  20/23      EV: 21    Int: 36    God:    Sif Muna [***...]
Gold:   503        SH:  0    Dex: 10    Spells: 21/27 levels left

rFire    . . .     SeeInvis .   (no weapon)
rCold    . . .     Faith    .   (no shield)
rNeg     + . .     Spirit   .   (helmet restricted)
rPois    .         Reflect  .   n - amulet of the acrobat
rElec    .         Harm     .   a - ring of positive energy
rCorr    +         Rampage  .   d - ring of flight
Will     .....                  o - ring of resist corrosion
Stlth    ++++......             r - +6 ring of intelligence
HPRegen  0.20/turn              u - ring of the Hare {EV+8}
MPRegen  0.18/turn              K - +6 ring of intelligence
                                (no ring)
                                (no ring)

@: flying
A: almost no armour, amphibious, 8 rings, camouflage 1, gelatinous body 1,
(nimble swimmer 1), tentacles
a: Renounce Religion, Channel Magic, Forget Spell


You were on level 8 of the Dungeon.
You worshipped Sif Muna.
Sif Muna was most pleased with you.
You visited 3 branches of the dungeon, and saw 10 of its levels.
You also visited: Ossuary.

You collected 503 gold pieces.

Inventory:

Hand Weapons
 w - a +4 quarterstaff of chaos
Magical Staves
 e - a staff of fire
Jewellery
 a - a ring of positive energy (left tentacle)
 d - a ring of flight (right tentacle)
 m - a ring of fire
 n - an amulet of the acrobat (around mantle)
 o - a ring of resist corrosion (on tentacle)
 r - a +6 ring of intelligence (on tentacle)
 u - the ring of the Hare (on tentacle) {EV+8}
   (You found it on level 5 of the Dungeon)

   [ring of evasion]

   EV:        It affects your evasion (+8).
 y - a +4 ring of slaying
 K - a +6 ring of intelligence (on tentacle)
Wands
 l - a wand of acid (10)
 v - a wand of flame (31)
 z - a wand of iceblast (6)
Scrolls
 b - 3 scrolls of teleportation {unknown}
 f - 8 scrolls of identify
 h - 2 scrolls of amnesia {unknown}
 i - 3 scrolls of magic mapping {unknown}
 q - a scroll of fog {unknown}
 s - a scroll of holy word {unknown}
 t - 4 scrolls of fear {unknown}
 A - 3 scrolls of enchant weapon {unknown}
 C - a scroll of vulnerability {unknown}
 E - a scroll of blinking {unknown}
 H - 2 scrolls of silence {unknown}
 I - a scroll of enchant armour {unknown}
Potions
 c - 2 potions of magic {unknown}
 g - 2 potions of berserk rage {unknown}
 j - 2 potions of curing {unknown}
 k - 4 potions of mutation {unknown}
 p - 2 potions of might {unknown}
 x - a potion of haste {unknown}
 B - a potion of invisibility {unknown}
 D - 2 potions of heal wounds
 F - a potion of ambrosia {unknown}
 G - a potion of brilliance {unknown}
 J - 2 potions of attraction {unknown}
 L - a potion of experience {unknown}


   Skills:
 + Level 1.9 Fighting
 + Level 3.9 Dodging
 + Level 5.5 Stealth
 + Level 0.9 Unarmed Combat
 + Level 8.5 Spellcasting
 * Level 12.3 Conjurations
 * Level 2.9 Hexes
 * Level 2.2 Fire Magic
 * Level 2.7 Invocations
 * Level 2.9 Evocations


You had 21 spell levels left.
You knew the following spells:

 Your Spells              Type           Power      Damage    Failure   Level
a - Magic Dart            Conj           100%       1d8       0%          1
b - Searing Ray           Conj           100%       3d7       1%          2
c - Dazzling Flash        Conj/Hex       100%       N/A       1%          3

Your spell library contained the following spells:

 Spells                   Type           Power      Damage    Failure   Level
 Corona                   Hex            40%        N/A       1%          1
 Fulminant Prism          Conj/Hex       31%        3d16      1%          4
 Ensorcelled Hibernation  Hex/Ice        52%        N/A       2%          2
 Tukima's Dance           Hex            36%        N/A       2%          3
 Iskenderun's Mystic Bla  Conj/Tloc      56%        2d12      2%          4


Dungeon Overview and Level Annotations

Branches:
Dungeon (8/15)             Temple (1/1) D:6            Lair (1/6) D:8
Ossuary (visited)

Altars:
Ashenzari
Cheibriados
Dithmenos
Elyvilon
Gozag
Hepliaklqana
Makhleb
Nemelex Xobeh
Okawaru
Qazlal
Ru
Sif Muna
Trog
Uskayaw
Vehumet
Wu Jian
Xom
Yredelemnul
Zin
The Shining One


Innate Abilities, Weirdness & Mutations

You cannot wear most types of armour.
You are amphibious.
You can wear up to eight rings at the same time.
Your skin changes colour to match your surroundings (Stealth+).
Your rubbery body absorbs attacks. (AC +1, EV +1)
((You are camouflaged near water. (Stealth+)))
You have tentacles for arms and can constrict up to eight enemies at once.


Message History

Casting: Magic Dart (safe; 0% risk of failure)
Confirm with . or Enter, or press ? or * to list all spells.
Aiming: Searing Ray (safe; 1% risk of failure)
Press: ? - help, Shift-Dir - straight line, f/p - river rat
Aim: a river rat (lightly wounded, 81% to hit)
Okay, then.
Casting: Searing Ray (safe; 1% risk of failure)
Confirm with . or Enter, or press ? or * to list all spells.
Aiming: Searing Ray (safe; 1% risk of failure)
Press: ? - help, Shift-Dir - straight line, f - six-headed hydra, p - river rat
Aim: a six-headed hydra (94% to hit)
The searing ray hits the six-headed hydra!
The six-headed hydra is lightly wounded. (Press . to maintain the ray.)
The six-headed hydra completely misses you.
The six-headed hydra misses you.
The six-headed hydra closely misses you.
The six-headed hydra misses you. The six-headed hydra bites you. x2
You fly upwards.
Welcome back to the Dungeon!
There is a staircase to the Lair, spattered with blood here.
Casting: Searing Ray (safe; 1% risk of failure)
Confirm with . or Enter, or press ? or * to list all spells.
Aiming: Searing Ray (safe; 1% risk of failure)
Press: ? - help, Shift-Dir - straight line, f - six-headed hydra
Aim: a six-headed hydra (lightly wounded, 94% to hit)
The searing ray hits the six-headed hydra!
The six-headed hydra is moderately wounded. (Press . to maintain the ray.)
The six-headed hydra barely misses you. The six-headed hydra bites you!
The six-headed hydra closely misses you.
The six-headed hydra bites you but does no damage.
The six-headed hydra bites you! x2
As you read the scroll labelled HUUVIJ YCAOB, it crumbles to dust.
It is a scroll of identify.
D - 2 potions of heal wounds The six-headed hydra closely misses you.
The six-headed hydra bites you!
* * * LOW HITPOINT WARNING * * *
The six-headed hydra bites you!
You die...

............###...#..#.#.........
######............#..#.#..#.##..#
# ####...###...#(.............
#########...###...#..#...........
................................#
..........................#.#...#
#>#...###.........#..#....#.#..##
#############################..##
####.#..#### ##@.# #...## #....
....###.#..####D### #.#..# #....
#............##..#####..[####...#
#............#...##....##'.###..#
####.#.#.....†.......#.###.# #..#
#####.#......#.......###.###..#
##....##.#...#.....#..#.####...#
#..##########..#....#..)# #...#
#[## #.########### #....


You could see a six-headed hydra.

Vanquished Creatures
  Pikel (D:7)
  2 komodo dragons (D:8)
  Maggie (D:6)
  9 blink frogs
  3 basilisks (D:8)
  Eustachio (D:5)
  Menkaure (D:5)
  4 water moccasins (D:8)
  Duvessa (D:6)
  A swamp drake (D:8)
  2 ice beasts (D:6)
  3 black bears
  2 necrophages
  An ogre (D:4)
  2 centaurs (D:7)
  3 lemures (D:7)
  2 kobold brigands (D:6)
  6 bullfrogs
  11 scorpions
  A water moccasin zombie (D:7)
  Dowan (D:6)
  A water moccasin skeleton (D:7)
  5 killer bees (D:7)
  A howler monkey (D:7)
  2 centaur zombies
  A hound (D:7)
  2 human zombies (Ossuary)
  3 jellies
  2 orc priests
  Crazy Yiuf (D:5)
  A bullfrog skeleton (D:6)
  6 orc wizards
  A centaur skeleton (D:5)
  2 iguanas
  6 scorpion zombies (Ossuary)
  A killer bee zombie (D:7)
  4 mummies
  2 howler monkey zombies
  A howler monkey skeleton (D:4)
  3 gnolls (D:3)
  4 adders
  5 worms
  3 dart slugs
  26 orcs
  10 endoplasms
  2 giant cockroaches
  5 goblins
  3 hobgoblins (D:2)
  4 jackals (D:2)
  17 kobolds
  4 quokkas
  7 ball pythons
  2 bats (D:2)
  A frilled lizard (D:2)
  A gnoll zombie (Ossuary)
  A goblin zombie (Ossuary)
  A hobgoblin zombie (Ossuary)
  5 kobold zombies (Ossuary)
  4 orc zombies (Ossuary)
  4 rats
212 creatures vanquished.

Vanquished Creatures (others)
  An orc wizard (D:5)
  A fungus (Lair:1)
  4 plants
6 creatures vanquished.

Grand Total: 218 creatures vanquished

Notes
Turn   | Place    | Note
-------+----------+-------------------------------------------
     0 | D:1      | lordive the Octopode Conjurer began the quest for the Orb.
     0 | D:1      | Reached XP level 1. HP: 11/11 MP: 3/3
   314 | D:2      | Reached XP level 2. HP: 17/17 MP: 0/5
   553 | D:2      | Learned a level 2 spell: Searing Ray
   738 | D:2      | Reached XP level 3. HP: 21/21 MP: 3/6
  1424 | D:2      | Reached skill level 5 in Conjurations
  2236 | D:3      | Reached XP level 4. HP: 27/27 MP: 4/7
  2377 | D:3      | Found a burning altar of Makhleb.
  3691 | D:3      | Found a stormy altar of Qazlal.
  3823 | D:4      | Reached XP level 5. HP: 32/32 MP: 3/8
  4735 | D:4      | Noticed a black bear
  4739 | D:4      | Killed a black bear
  4740 | D:4      | Reached skill level 6 in Conjurations
  4740 | D:4      | Reached XP level 6. HP: 37/37 MP: 4/11
  5234 | D:5      | Entered Level 5 of the Dungeon
  5309 | D:5      | Noticed Menkaure
  5314 | D:5      | Killed Menkaure
  5315 | D:5      | Reached skill level 1 in Fighting
  5315 | D:5      | Reached XP level 7. HP: 43/43 MP: 6/13
  5447 | D:5      | Found the ring of the Hare {EV+8}
  5524 | D:5      | Found a runed translucent door.
  5525 | D:5      | Noticed Crazy Yiuf
  5609 | D:5      | Noticed Eustachio
  5647 | D:5      | Killed Eustachio
  5648 | D:5      | Reached skill level 7 in Conjurations
  5814 | D:5      | Killed Crazy Yiuf
  6216 | D:5      | Learned a level 3 spell: Dazzling Flash
  6227 | D:5      | Reached XP level 8. HP: 48/48 MP: 9/14
  6489 | D:6      | Reached skill level 8 in Conjurations
  6622 | D:6      | Found a staircase to the Ecumenical Temple.
  6632 | Temple   | Entered the Ecumenical Temple
  6658 | Temple   | Became a worshipper of Sif Muna the Loreminder
  6827 | D:6      | Noticed Duvessa
  6827 | D:6      | Noticed Dowan
  7025 | D:6      | Found an opulent altar of Gozag.
  7086 | D:6      | Killed Dowan
  7106 | D:6      | Killed Duvessa
  7107 | D:6      | Reached skill level 5 in Spellcasting
  7237 | D:6      | Reached skill level 9 in Conjurations
  7537 | D:6      | Reached XP level 9. HP: 54/54 MP: 9/17
  7632 | D:6      | Noticed Maggie
  7646 | D:6      | Killed Maggie
  7817 | D:7      | Found a shadowy altar of Dithmenos.
  7841 | D:7      | Reached * piety under Sif Muna
  8299 | D:7      | Noticed Pikel
  8314 | D:7      | Killed Pikel
  8315 | D:7      | Reached skill level 5 in Stealth
  8315 | D:7      | Reached skill level 10 in Conjurations
  8344 | D:7      | Found a sand-covered staircase.
  8354 | Ossuary  | Entered an ossuary
  9176 | Ossuary  | Reached ** piety under Sif Muna
  9296 | Ossuary  | Reached XP level 10. HP: 60/60 MP: 11/21
  9461 | Ossuary  | Reached skill level 11 in Conjurations
 10462 | D:7      | Reached skill level 1 in Hexes
 10512 | D:7      | Reached skill level 1 in Evocations
 10867 | D:8      | Reached skill level 1 in Invocations
 11156 | D:8      | Reached *** piety under Sif Muna
 11721 | D:8      | Reached skill level 1 in Fire Magic
 12014 | D:8      | Found a staircase to the Lair.
 12622 | Lair:1   | Entered Level 1 of the Lair of Beasts
 12642 | D:8      | Reached skill level 12 in Conjurations
 12740 | D:8      | Reached XP level 11. HP: 8/64 MP: 9/23
 13662 | Lair:1   | Noticed a six-headed hydra
 13677 | D:8      | Mangled by a six-headed hydra

Illustrated notes

Levels and vault maps discovered:
D:1:      amcnicky_arrival_feature_with_door, layout_rooms,
          hellmonk_ecumenical_altar_leap_of_faith, kennysheep_boxes
D:2:      wad_river_or_something, layout_basic, corexii_shack,
          minmay_pentomino_r2
D:3:      layout_basic, mainiacjoe_overflow_alcove_2, bloody_makhleb
D:4:      layout_layer_cave, st_stairs_8, serial_bayou_pond_c
D:5:      layout_loops_ring, uniq_menkaure, uniq_crazy_yiuf_cottage,
          uniq_eustachio
D:6:      layout_basic, nicolae_gozag_cash_rules_everything_around_me,
          minmay_temple_entry_glass, serial_bayou_pond_e, uniq_maggie,
          uniq_duvessa
D:7:      minmay_bubble_buster, layout_basic, grunt_dithmenos_smoke_and_mirrors,
          gup_ossuary_entry_pyramid, uniq_pikel
D:8:      layout_basic, erik_lair_dragon
Temple:   eino_temple_scatter_basement
Lair:1:   layout_cave_pods, gammafunk_ghost_necromancy,
          kennysheep_abandoned_house, serial_bayou_shore_b

Skill      XL: |  1  2  3  4  5  6  7  8  9 10 11 |
---------------+----------------------------------+-----
Stealth        | 3 4 5 |  5.5
Conjurations   | 5 6 7 9 10 12 | 12.3
Spellcasting   | 3 4 5 7 8 |  8.5
Fighting       | 1 |  1.9
Dodging        | 3 |  3.9
Hexes          | 2 |  2.9
Evocations     | 2 |  2.9
Invocations    | 2 |  2.7
Fire Magic     | 1 2 |  2.2
Unarmed Combat | |  0.9

Action                   |  1- 3 |  4- 6 |  7- 9 | 10-12 || total
-------------------------+-------+-------+-------+-------++-------
Melee: Unarmed           |    17 |       |     8 |     1 ||    26
       Constrict         |     6 |       |     1 |       ||     7
       Tentacles         |     4 |       |     1 |       ||     5
 Cast: Magic Dart        |    77 |    85 |   134 |    51 ||   347
       Searing Ray       |     4 |    11 |    51 |    54 ||   120
  Use: Scroll            |       |       |       |     1 ||     1
Armor: Skin              |     8 |       |     2 |     2 ||    12
Dodge: Dodged            |    48 |     7 |    97 |   136 ||   288
